 Dungeon Crawl Stone Soup version 0.31-a0-986-g5e6e4ef867 (webtiles) character file.

Game seed: 5880913210404539834

1259 wildpjah the Slasher (level 8, -11/49 HPs)
             Began as a Tengu Berserker on Nov 20, 2023.
             Was a Priest of Trog.
             Mangled by a gnoll sergeant
             ... wielding a +0 trident
              (15 damage)
             ... on level 5 of the Dungeon.
             The game lasted 00:06:01 (3395 turns).

wildpjah the Slasher (Tengu Berserker)              Turns: 3395, Time: 00:06:01

Health: -11/49     AC:  6    Str: 17    XL:     8   Next: 51%
Magic:  9/9        EV: 17    Int:  9    God:    Trog [***...]
Gold:   85         SH:  0    Dex: 15    Spells: 7/7 levels left

rFire   + + +        l - +10 long sword of the Wheel {holy, *Corrode rF+++ rC+ Stlth+}
rCold   + . .        (no shield)
rNeg    . . .        u - +2 leather armour {rF+}
rPois   .            w - +1 hat
rElec   .            (no cloak)
rCorr   .            (no gloves)
SInv    .            (boots unavailable)
Will    .....        (no amulet)
Stlth   +++          (no ring)
HPRegen 0.28/turn    (no ring)
MPRegen 0.11/turn

%: corrode self (3%), acrobat
@: flying
A: beak, talons 3, evasive flight, acrobatic
a: Renounce Religion, Berserk, Trog's Hand


You were on level 5 of the Dungeon.
You worshipped Trog.
Trog was most pleased with you.
You visited 1 branch of the dungeon, and saw 5 of its levels.

You collected 220 gold pieces.
You spent 135 gold pieces at shops.

Inventory:

Hand Weapons
 a - a +0 falchion
 l - the +10 long sword of the Wheel (weapon) {holy, *Corrode rF+++ rC+ Stlth+}
   (You found it on level 3 of the Dungeon)

   rF+++:     It renders you almost immune to fire.
   rC+:       It protects you from cold.
   *Corrode:  It may corrode you when you take damage.
   Stlth+:    It makes you more stealthy.
Armour
 u - a +2 leather armour of fire resistance (worn)
 w - a +1 hat (worn)
Wands
 j - a wand of light (5) (quivered)
 p - a wand of roots (8)
Scrolls
 c - 3 scrolls of identify {unknown}
 d - 2 scrolls of enchant weapon {unknown}
 e - 3 scrolls of teleportation {unknown}
 f - a scroll of noise {unknown}
 g - a scroll of blinking {unknown}
 k - a scroll of revelation {unknown}
 o - a scroll of poison {unknown}
 q - a scroll of brand weapon {unknown}
 t - a scroll of fog {unknown}
Potions
 b - 2 potions of might {unknown}
 h - a potion of ambrosia {unknown}
 i - 2 potions of lignification {unknown}
 m - a potion of mutation {unknown}
 n - 2 potions of enlightenment {unknown}
 r - a potion of magic {unknown}
 s - a potion of invisibility {unknown}
 v - 2 potions of heal wounds {unknown}


   Skills:
 * Level 5.3 Fighting
 + Level 7.1 Long Blades
 * Level 4.7 Armour
 * Level 4.7 Dodging
 + Level 4.2 Stealth


You had 7 spell levels left.
You didn't know any spells.
Your spell library was empty.

Dungeon Overview and Level Annotations

Branches:
Dungeon (5/15)
 Temple: D:4-7

Altars:
Cheibriados
Dithmenos
Okawaru
Wu Jian

Shops:
D:2 [   D:5 :


Innate Abilities, Weirdness & Mutations

You have a beak for a mouth.
You have claws for feet.
Your magical flight helps you evade attacks. (EV +4)
You can magically evade attacks while moving or waiting.


Message History

Trog accepts your kill.
The gnoll sergeant hits you from afar with a +0 trident!
You slash the gnoll! You peck the gnoll. You punch the gnoll, but do no damage.
The gnoll is severely wounded.
The gnoll barely misses you. The gnoll sergeant closely misses you.
You slash the gnoll!
You kill the gnoll!
Trog accepts your kill. The gnoll sergeant barely misses you.
You slash the gnoll!
You kill the gnoll!
Trog accepts your kill.
The gnoll sergeant hits you from afar with a +0 trident!
Items here: ( ))) ††.
You closely miss the gnoll. You peck the gnoll.
The gnoll is lightly wounded.
The gnoll sergeant misses you. The gnoll misses you.
You barely miss the gnoll. You claw the gnoll, but do no damage.
Your peck misses the gnoll. You punch the gnoll, but do no damage.
The gnoll is lightly wounded.
The gnoll sergeant hits you with a +0 trident!
The gnoll closely misses you.
You slash the gnoll! You claw the gnoll.
You kill the gnoll!
Trog accepts your kill.
The gnoll sergeant hits you with a +0 trident.
* * * LOW HITPOINT WARNING * * *
The gnoll sergeant blocks your attack.
You peck the gnoll sergeant, but do no damage.
The gnoll sergeant completely misses you.
The gnoll sergeant hits you with a +0 trident!
* * * LOW HITPOINT WARNING * * *
Aiming: Bolt of Light
Press: ? - help, Q - select action, (/) - cycle Shift-Dir - straight line, f - gnoll sergeant
Aim: a gnoll sergeant, wielding a +0 trident, wearing a +0 ring mail and wearing a +0 kite shield (83% to hit)
The bolt of light hits the gnoll sergeant!
The gnoll sergeant is heavily wounded.
The gnoll sergeant is blinded.
The gnoll sergeant hits you with a +0 trident!
You die...

#~#.#~# #~#.#~# #....#
#~#.#~# #....# #.#.#.#
.....# #.#.#b# #....#
######.# ####....
#......###.# ...
#.).....##.###g#######
#....##......#@)......
###....###..##..########
.......###.######
#.#..........####
#.#....#####....#
..#....# ###### ###...##
# #..## . ...#


You could see a gnoll sergeant (blind).

Vanquished Creatures
  Sigmund (D:4)
  Eustachio (D:5)
  Edmund (D:4)
  An ice beast (D:5)
  A black bear (D:5)
  An ogre (D:5)
  2 scorpions
  A jelly (D:5)
  A hound (D:4)
  Ijyb (D:3)
  3 iguanas
  An orc wizard (D:3)
  2 river rats (D:4)
  8 adders
  10 gnolls
  4 worms
  2 dart slugs
  9 orcs
  6 ball pythons
  6 bats
  9 endoplasms
  2 giant cockroaches (D:2)
  A goblin (D:1)
  4 hobgoblins
  6 jackals
  A quokka (D:4)
  5 frilled lizards
  6 kobolds
  7 rats
103 creatures vanquished.

Notes
Turn   | Place    | Note
-------+----------+-------------------------------------------
     0 | D:1      | wildpjah the Tengu Berserker began the quest for the Orb.
     0 | D:1      | Reached XP level 1. HP: 14/14 MP: 2/2
   141 | D:1      | Reached XP level 2. HP: 19/19 MP: 3/3
   412 | D:1      | Reached XP level 3. HP: 22/23 MP: 4/4
   659 | D:2      | Reached skill level 4 in Long Blades
   804 | D:2      | Reached ** piety under Trog
   857 | D:2      | Found an iron altar of Okawaru.
   951 | D:2      | Found Foqekk's Antique Armour Shop.
   957 | D:2      | Reached XP level 4. HP: 24/28 MP: 5/5
  1156 | D:2      | Found a faded altar of an unknown god.
  1361 | D:3      | Identified the +10 long sword of the Wheel {holy, *Corrode
                  | rF+++ rC+ Stlth+}
  1658 | D:3      | Reached XP level 5. HP: 22/33 MP: 6/6
  1715 | D:3      | Noticed Ijyb
  1726 | D:3      | Killed Ijyb
  2128 | D:3      | Found an ornate altar of the Wu Jian Council.
  2205 | D:2      | Bought a runed leather armour for 135 gold pieces
  2302 | D:4      | Reached skill level 5 in Long Blades
  2373 | D:4      | Noticed Sigmund
  2381 | D:4      | Killed Sigmund
  2382 | D:4      | Reached skill level 1 in Stealth
  2382 | D:4      | Reached XP level 6. HP: 38/38 MP: 7/7
  2518 | D:4      | Reached *** piety under Trog
  2561 | D:4      | Noticed Edmund
  2570 | D:4      | Killed Edmund
  2571 | D:4      | Gained mutation: Your magical flight helps you evade
                  | attacks. (EV +4) [Tengu growth]
  2571 | D:4      | Reached XP level 7. HP: 27/44 MP: 8/8
  2770 | D:4      | Reached skill level 6 in Long Blades
  3035 | D:5      | Entered Level 5 of the Dungeon
  3048 | D:5      | Found a snail-covered altar of Cheibriados.
  3143 | D:5      | Reached skill level 5 in Fighting
  3143 | D:5      | Reached XP level 8. HP: 49/49 MP: 9/9
  3208 | D:5      | Found a shadowy altar of Dithmenos.
  3279 | D:5      | Noticed Eustachio
  3280 | D:5      | Found Ziah's Tiny Tomes.
  3294 | D:5      | Killed Eustachio
  3332 | D:5      | Reached skill level 7 in Long Blades
  3395 | D:5      | Mangled by a gnoll sergeant

Illustrated notes

Levels and vault maps discovered:
D:1:      kennysheep_arrival_seaside, layout_basic
D:2:      layout_loops_ring, serial_shops, nicolae_shop_advertising_works
          [nicolae_subvault_shop_adworks], shapermc_ecumenical_altar_ellora,
          basic_altar, kennysheep_generic_room_12
D:3:      layout_basic, pdpol_wu_jian_five_deadly_venoms,
          wander_ebering_terrifying_dragon_lair, uniq_ijyb
D:4:      layout_loops_cross, lightli_sewer_entry_pipes,
          chequers_serial_rivers_marsh, guppyfry_early_lair_pool, uniq_sigmund,
          uniq_edmund
D:5:      layout_rooms, overflow_temple_1_default,
          nicolae_dithmenos_the_darkroom, serial_aquarium,
          aquarium_bridge_square [aquarium_subvault_bridge,
          aquarium_subvault_bridge, aquarium_subvault_wall,
          aquarium_subvault_wall], aquarium_bridge_straight
          [aquarium_subvault_bridge, aquarium_subvault_window,
          aquarium_subvault_bridge, aquarium_subvault_wall],
          aquarium_window_fake, aquarium_window_1, aquarium_view_2e,
          aquarium_pool_split, dk_noncrumbling_2, dreamdust_princess_bridge,
          nicolae_shop_i_like_small_books_too, grunt_ministairs_12,
          uniq_eustachio

Skill      XL: |  1  2  3  4  5  6  7  8 |
---------------+-------------------------+-----
Long Blades    | 4 5 6 7 |  7.1
Dodging        | 3 4 |  4.7
Fighting       | 4 5 |  5.3
Armour         | 3 4 |  4.7
Stealth        | 1 2 3 4 |  4.2

Action                     |  1- 3 |  4- 6 |  7- 9 || total
---------------------------+-------+-------+-------++-------
  Melee: Falchion          |    75 |     5 |       ||    80
         Kick              |    19 |    11 |    14 ||    44
         Peck              |     7 |    10 |     9 ||    26
         Long sword        |       |    60 |    62 ||   122
         Punch             |       |     1 |     3 ||     4
 Invoke: Berserk           |       |       |     1 ||     1
  Evoke: Wand              |       |       |     1 ||     1
   Stab: Sleeping          |     1 |     9 |    10 ||    20
         Distracted        |       |       |     1 ||     1
 Armour: Animal skin       |    33 |    14 |       ||    47
         Leather armour    |       |     8 |    25 ||    33
  Dodge: Dodged            |    62 |    30 |    52 ||   144

Table legend: (Time is in decaauts)
 A = Elapsed time spent in this place.
 B = Non-inter-level travel time spent in this place.
 C = Inter-level travel time spent in this place.
 D = Time resting spent in this place.
 E = Time spent auto-exploring this place.
 F = Levels seen in this place.
 G = Mean time per level.
                   A        B        C        D        E       F      G
               +--------+--------+--------+--------+--------+-----+--------+
         Total |   3430 |   3232 |    198 |      1 |   2556 |   5 |  686.0 |
       Dungeon |   3430 |   3232 |    198 |      1 |   2556 |   5 |  686.0 |
               +--------+--------+--------+--------+--------+-----+--------+

Top non-repeatable levels by time:
     D:3: 894 daAuts
     D:4: 767 daAuts
     D:2: 745 daAuts
     D:1: 653 daAuts
     D:5: 369 daAuts
